 Dungeon Crawl Stone Soup version 0.31.0-12-g77e489cdc1 (webtiles) character file.

Game seed: 17168695649631730816

42 Arctor the Ruffian (level 3, 0/42 HPs)
             Began as a Djinni Shapeshifter on Feb 21, 2024.
             Killed from afar by Natasha (2 damage)
             ... with a magic dart
             ... on level 2 of the Dungeon.
             The game lasted 00:01:42 (1281 turns).

Arctor the Ruffian (Djinni Shapeshifter)            Turns: 1281, Time: 00:01:43

Health: 0/42       AC: 21    Str: 13    XL:     3   Next: 77%
Gold:   79         EV:  2    Int: 13    God:
                   SH:  7    Dex: 12

rFire   . . .        j - +0 dagger (drain)
rCold   . . .        g - +0 kite shield
rNeg    . . .        a - melded +0 animal skin
rPois   ∞            (helmet currently unavailable)
rElec   .            (cloak currently unavailable)
rCorr   .            (gloves currently unavailable)
SInv    .            (boots unavailable)
Will    +....        (no amulet)
Stlth   +            i - ring of willpower
HPRegen 0.27/turn    (no ring)
MPRegen 0.00/turn

%: infuse magic (-1 HP)
@: tree-form, slowed, very slow
A: stationary, stasis, torment immunity, boosted hp, sickness immunity, (fire
resistance 2), (cold vulnerability 1), float, innate caster, HP casting, extra
vitality 1
a: no special abilities


You were on level 2 of the Dungeon.
You were a tree.
You visited 1 branch of the dungeon, and saw 2 of its levels.

You collected 79 gold pieces.

Inventory:

Hand Weapons
 j - a +0 dagger of draining (weapon)
Armour
 a - a +0 animal skin (melded)
 g - a +0 kite shield (worn)
Jewellery
 i - a ring of willpower (left branch)
Talismans
 c - a beast talisman
 d - a flux talisman
Scrolls
 e - a scroll of noise {unknown}
 f - a scroll of revelation {unknown}


   Skills:
 + Level 1.8 Fighting
 + Level 2.8 Dodging
 + Level 3.4 Unarmed Combat
 + Level 3.0 Shapeshifting


You knew the following spells:

 Your Spells              Type           Power      Damage    Failure   Level
a - Sting                 Conj/Alch      0%         1d3       78%         1
Your spell library was empty.

Dungeon Overview and Level Annotations

Branches:
Dungeon (2/15)

Altars:

Annotations:
D:2 Natasha


Innate Abilities, Weirdness & Mutations

You are a tree.
Your roots penetrate the ground, keeping you stationary.
You cannot be teleported.
You are immune to unholy pain and torment.
Your maximum health is greatly increased.
Your equipment is partially melded.
You are immune to sickness and miasma.
You are immune to poison.
((Your flesh is very heat resistant. (rF++)))
((You are vulnerable to cold. (rC-)))
You float through the air rather than walking.
You learn spells naturally, not from books.
Your magical power is your life essence.
You have superior vitality. (+4 MHP)


Message History

Natasha casts a spell at you. The magic dart hits you!
You barely miss Natasha.
Natasha is moderately wounded.
You block the cerulean imp's attack. Natasha casts a spell at you.
You feel yourself slow down.
You hit Natasha.
Natasha is heavily wounded.
You block the cerulean imp's attack. You block Natasha's attack.
The cerulean imp hits you with a +1 spear.
You block Natasha's attack.
You hit Natasha.
Natasha is severely wounded.
The cerulean imp hits you with a +1 spear.
You block Natasha's attack. Natasha claws you but does no damage.
The cerulean imp hits you with a +1 spear.
You closely miss Natasha.
Natasha is severely wounded.
The cerulean imp barely misses you. Natasha claws you.
* * * LOW HITPOINT WARNING * * *
Natasha barely misses you.
The cerulean imp hits you with a +1 spear.
* * * LOW HITPOINT WARNING * * *
It was a potion of magic.
Magic washes over you without effect. You block Natasha's attack.
The cerulean imp barely misses you.
You turn into a tree.
Your +0 animal skin melds into your body.
Your roots penetrate the ground.
The cerulean imp hits you but does no damage.
Natasha claws you but does no damage. Natasha claws you.
* * * LOW HITPOINT WARNING * * *
You block the cerulean imp's attack.
You barely miss Natasha.
Natasha is severely wounded.
The cerulean imp hits you but does no damage.
Natasha stares at you and mumbles some strange words.
The magic dart hits you.
You die...
Natasha curls up and begins to purr.

................#
########.#####..#
####.##.#####..######
.....................
####.##.##.##..#####.
# ...##.##..#
........##..#
##.##.#..##..#####.#
#. #.#.....5♣h....# #
#.........###..#
...........
.#..##.#.## #.. #.#.#
#. ..... . ...... ..#
#.#


You could see Natasha (very drained) and a cerulean imp (summoned).

Vanquished Creatures
  Natasha (D:2)
  A ribbon worm (D:2)
  An endoplasm (D:1)
  A giant cockroach (D:1)
  3 hobgoblins
  A kobold (D:1)
  A quokka (D:2)
  A ball python (D:1)
  3 bats (D:1)
  2 rats (D:1)
15 creatures vanquished.

Notes
Turn   | Place    | Note
-------+----------+-------------------------------------------
     0 | D:1      | Arctor the Djinni Shapeshifter began the quest for the Orb.
     0 | D:1      | Reached XP level 1. HP: 17/17 MP: 0/0
   254 | D:1      | Reached XP level 2. HP: 4/22 MP: 0/0
  1035 | D:2      | Noticed Natasha
  1048 | D:2      | Killed Natasha
  1049 | D:2      | Reached XP level 3. HP: 10/28 MP: 0/0
  1049 | D:2      | Learned a level 1 spell: Sting
  1269 | D:2      | Noticed Natasha
  1280 | D:2      | HP: 1/42 [Natasha (5)]
  1281 | D:2      | Killed from afar by Natasha

Illustrated notes

Levels and vault maps discovered:
D:1:      evilmike_arrival_crescent, layout_loops_ring, minmay_pentomino_o4
D:2:      layout_basic, serial_bayou_pond_c, uniq_natasha

Skill      XL: |  1  2 |
---------------+-------+-----
Shapeshifting  | 3 |  3.0
Fighting       | |  1.8
Dodging        | |  2.8
Unarmed Combat | |  3.4

Action                     || total
---------------------------++-------
  Melee: Unarmed           ||    51
         Punch             ||     1
         Dagger            ||    44
Ability: Begin Untransform ||     1
    Use: Potion            ||     2
 Armour: Animal skin       ||    59
         Skin              ||     5
  Dodge: Dodged            ||    46
  Block: Kite shield       ||    36
   Form: Beast             ||     1
